 Dungeon Crawl Stone Soup version 0.10.4 character file.

71 MisterOstroum the Vexing (level 1, 0/13 HPs)
             Began as a Human Enchanter on Sept 29, 2019.
             Slain by a hobgoblin
             ... wielding a +0,+0 club
              (7 damage)
             ... on Level 1 of the Dungeon.
             The game lasted 00:01:59 (535 turns).

MisterOstroum the Vexing (Human Enchanter)           Turns: 535, Time: 00:01:59

HP   0/13        AC  3     Str  8      XL: 1   Next: 66%
MP   3/3         EV 12     Int 15      God:
Gold 67          SH  0     Dex 13      Spells:  1 memorised,  1 level left

Res.Fire  : . . .   See Invis. : .   a - +1 dagger {=f}
Res.Cold  : . . .   Warding    : . . b - +1 robe
Life Prot.: . . .   Conserve   : .   (no shield)
Res.Acid. : . . .   Res.Corr.  : .   (no helmet)
Res.Poison: .       Clarity    : .   (no cloak)
Res.Elec. : .       Spirit.Shd : .   (no gloves)
Sust.Abil.: . .     Stasis     : .   (no boots)
Res.Mut.  : .       Ctrl.Telep.: .   (no amulet)
Res.Rott. : .       Levitation : .   (no ring)
Saprovore : . . .   Ctrl.Flight: .   (no ring)

@: not resistant to hostile enchantments, fairly stealthy
A: no striking features
a: no special abilities


You were on level 1 of the Dungeon.
You were not hungry.

You visited 1 branch of the dungeon, and saw 1 of its levels.

You collected 47 gold pieces.

Inventory:

Hand weapons
 a - a +1,+1 dagger (weapon) {=f}
 e - a +0,+0 spear
 k - a +2,+1 dwarven dagger
Missiles
 d - 4 +1 darts (quivered)
Armour
 b - a +1 robe (worn)
 n - a +0 elven large shield
Comestibles
 f - 2 bread rations
 j - 2 rotting chunks of goblin flesh
 m - 2 rotting chunks of goblin flesh
Scrolls
 g - a scroll of detect curse {unknown}
 l - 2 scrolls of curse weapon {unknown}
 p - 2 scrolls of identify {unknown}
Jewellery
 o - a cursed -2 ring of strength {unknown}
Potions
 h - a potion of speed {unknown}
 i - a potion of blood {unknown}
Books
 c - a book of Maledictions

   Spells                             Type                      Level
   *Corona                            Hexes                        1
   Sure Blade                         Hexes/Charms                 2
   Ensorcelled Hibernation            Hexes/Ice                    2
   Confuse                            Hexes                        3
   Enslavement                        Hexes                        4
   Invisibility                       Hexes                        6


   Skills:
 + Level 1.2 Short Blades
 - Level 1.0 Throwing
 - Level 2.0 Dodging
 + Level 2.0 Stealth
 + Level 1.2 Stabbing
 - Level 1.0 Spellcasting
 + Level 3.0 Hexes


You had one spell level left.
You knew the following spells:

 Your Spells              Type           Power        Failure   Level  Hunger
a - Corona                Hex            ##......     10%         1    Strawberry

Dungeon Overview and Level Annotations

Branches:
Dungeon (1/27)

Altars:


Message History

You hit the rat.
The rat is moderately wounded.
The rat bites you but does no damage.
You hit the rat.
The rat is heavily wounded.
The rat closely misses you.
You closely miss the rat.
The rat is heavily wounded.
The rat barely misses you.
You closely miss the rat.
The rat is heavily wounded.
You hit the rat.
The rat is severely wounded.
The rat closely misses you.
You hit the rat but do no damage.
The rat is severely wounded.
The rat barely misses you.
You hit the rat.
You kill the rat!
d - 12 +1 darts (gained 1)
You hit the toadstool.
The toadstool is heavily damaged.
You hit the toadstool but do no damage.
The toadstool is heavily damaged.
You hit the toadstool but do no damage.
The toadstool is heavily damaged.
You hit the toadstool.
You destroy the toadstool!
Things that are here:
a dagger; a rotting kobold corpse You hit the toadstool.
The toadstool is heavily damaged.
You hit the toadstool but do no damage.
The toadstool is heavily damaged.
You hit the toadstool.
You destroy the toadstool!
HP restored.
o - a silver ring
p - 2 scrolls labeled CRUIPOSTROSM A hobgoblin comes into view.
It is wielding a club.
The hobgoblin shouts!
A hobgoblin is nearby!
Throwing (i - inventory. (,) - cycle):
d - 12 +1 darts (quivered)
Press: ? - help, Shift-Dir - straight line, f - hobgoblin
Aim: a hobgoblin, wielding a club You throw a +1 dart.
The +1 dart hits the hobgoblin.
You smell something rotten. (slot m) Throwing (i - inventory. (,) - cycle):
d - 11 +1 darts (quivered)
Press: ? - help, Shift-Dir - straight line, f/p - hobgoblin
Aim: a hobgoblin, wielding a club You throw a +1 dart.
The +1 dart hits the hobgoblin.
The hobgoblin is lightly wounded.
Throwing (i - inventory. (,) - cycle):
d - 10 +1 darts (quivered)
Press: ? - help, Shift-Dir - straight line, f/p - hobgoblin
Aim: a hobgoblin, wielding a club (lightly wounded)
You throw a +1 dart. The +1 dart misses the hobgoblin.
Throwing (i - inventory. (,) - cycle):
d - 9 +1 darts (quivered)
Press: ? - help, Shift-Dir - straight line, f/p - hobgoblin
Aim: a hobgoblin, wielding a club (lightly wounded)
You throw a +1 dart. The +1 dart hits the hobgoblin.
The hobgoblin is moderately wounded.
Throwing (i - inventory. (,) - cycle):
d - 8 +1 darts (quivered)
Press: ? - help, Shift-Dir - straight line, f/p - hobgoblin
Aim: a hobgoblin, wielding a club (moderately wounded)
You throw a +1 dart. The +1 dart hits the hobgoblin.
The hobgoblin is moderately wounded.
Throwing (i - inventory. (,) - cycle):
d - 7 +1 darts (quivered)
Press: ? - help, Shift-Dir - straight line, f/p - hobgoblin
Aim: a hobgoblin, wielding a club (moderately wounded)
You throw a +1 dart. The +1 dart misses the hobgoblin.
Throwing (i - inventory. (,) - cycle):
d - 6 +1 darts (quivered)
Press: ? - help, Shift-Dir - straight line, f/p - hobgoblin
Aim: a hobgoblin, wielding a club (moderately wounded)
You throw a +1 dart. The +1 dart hits the hobgoblin.
The hobgoblin is heavily wounded.
Throwing (i - inventory. (,) - cycle):
d - 5 +1 darts (quivered)
Press: ? - help, Shift-Dir - straight line, f/p - hobgoblin
Aim: a hobgoblin, wielding a club (heavily wounded)
You throw a +1 dart. The +1 dart hits the hobgoblin.
The hobgoblin is heavily wounded.
The hobgoblin hits you with a club.
You hit the hobgoblin.
The hobgoblin is severely wounded.
The hobgoblin barely misses you.
You barely miss the hobgoblin.
The hobgoblin is severely wounded.
The hobgoblin hits you but does no damage.
You hit the hobgoblin.
The hobgoblin is almost dead.
The hobgoblin barely misses you.
You closely miss the hobgoblin.
The hobgoblin is almost dead.
You closely miss the hobgoblin.
The hobgoblin is almost dead.
The hobgoblin hits you with a club.
You barely miss the hobgoblin.
The hobgoblin is almost dead.
The hobgoblin hits you with a club!
Ouch! That really hurt!
You die...

#.# #.##.# #.# #.##.# #.#
#.##.# ..# #.##.#
#######.##.#####
.................
#######.##.#####
################.##.#####
.((((((g@................
################.##.#####
#.##.# #.##.# #.##.#####
###.##...... #...########
#...######## #...........


You could see a hobgoblin.

Vanquished Creatures
  2 goblins (D:1)
  2 kobolds (D:1)
  A rat (D:1)
  2 toadstools (D:1)
7 creatures vanquished.

Notes
Turn   | Place    | Note
--------------------------------------------------------------
     0 | D:1      | MisterOstroum, the Human Enchanter, began the quest for the Orb.
     0 | D:1      | Reached XP level 1. HP: 13/13 MP: 3/3
   535 | D:1      | Slain by a hobgoblin
